 Dungeon Crawl Stone Soup version 0.17.0-24-gcfadda4 (console) character file.

7602 gw the Basher (level 10, -19/92 HPs)
             Began as a Deep Dwarf Fighter on Nov 17, 2015.
             Was a Priest of Yredelemnul.
             Killed from afar by a deep elf knight (29 damage)
             ... with a stone arrow
             ... on level 10 of the Dungeon.
             The game lasted 00:14:05 (9406 turns).

gw the Basher (Deep Dwarf Fighter)                  Turns: 9406, Time: 00:14:05

Health: -19/92     AC: 15    Str: 20    XL:     10   Next: 97%
Magic:  0/0        EV:  3    Int:  9    God:    Yredelemnul [***...]
Gold:   591        SH: 16    Dex: 15    Spells: 0 memorised, 9 levels left

rFire  + . .     SeeInvis .     a - +1 flail
rCold  . . .     Clarity  .     B - +0 plate armour
rNeg   . . .     SustAt   .     w - +0 large shield
rPois  +         Gourm    .     r - +0 helmet
rElec  .         Spirit   .     s - +2 cloak
rCorr  .         Warding  .     (no gloves)
rMut   .         Stasis   .     (no boots)
MR     +....                    (no amulet)
Stlth  ..........               A - +2 ring of protection
                                m - ring of protection from fire

@: non-regenerating, drained, somewhat resistant to hostile enchantments,
extremely unstealthy
A: damage resistance, recharge devices, deformed body, sense surroundings 2,
poison resistance, slow regeneration 3
a: Device Recharging, Recall Undead Slaves, Injury Mirror, Animate Dead,
Renounce Religion


You were on level 10 of the Dungeon.
You worshipped Yredelemnul.
Yredelemnul was most pleased with you.
You were very hungry.

You visited 1 branch of the dungeon, and saw 10 of its levels.

You collected 591 gold pieces.

Inventory:

Hand Weapons
 a - a +1 flail (weapon)
Missiles
 i - 221 stones
 l - 8 needles of frenzy
 n - 26 poisoned needles
 v - 12 tomahawks (quivered)
Armour
 r - a +0 helmet (worn)
 s - a +2 cloak (worn)
 w - a +0 large shield (worn)
 B - a +0 plate armour (worn)
Jewellery
 m - a ring of protection from fire (left hand)
 A - a +2 ring of protection (right hand)
Wands
 b - a wand of frost (30)
 e - a wand of heal wounds (0)
 t - a wand of magic darts (32)
 u - a wand of lightning (6)
 y - a wand of magic darts (21)
 D - a wand of confusion (14)
Scrolls
 g - 3 scrolls of teleportation
 h - 7 scrolls of remove curse
 k - 10 scrolls of identify
Potions
 d - 3 potions of might
 o - a potion of haste
 x - 2 potions of invisibility
Comestibles
 f - 6 bread rations
 j - 8 beef jerkies
 p - 6 meat rations
 q - 2 slices of pizza


   Skills:
 + Level 6.5(6.2) Fighting
 * Level 9.5(9.1) Maces & Flails
 + Level 5.6(5.2) Throwing
 + Level 7.7(7.4) Armour
 + Level 7.9(7.6) Shields
 + Level 7.6(7.2) Invocations
 - Level 1.1(0.8) Evocations


You had 9 spell levels left.
You didn't know any spells.

Dungeon Overview and Level Annotations

Branches:
Dungeon (10/15)            Temple (0/1) D:6             Orc (0/4) D:9
   Lair: D:8-11

Altars:
Ashenzari
Fedhas
Gozag
Kikubaaqudgha
Makhleb
Nemelex Xobeh
Qazlal
Ru
Yredelemnul
Zin
The Shining One


Innate Abilities, Weirdness & Mutations

You are resistant to damage.
You can recharge devices by infusing magical energy.
You passively map the area around you.
You do not regenerate naturally.
Armour fits poorly on your strangely shaped body.
Your system is resistant to poisons.


Message History

You sock the deep elf knight!
The deep elf knight is heavily wounded.
You block the wight's attack.
The deep elf knight mumbles some strange words.
Space distorts along a thin shroud covering the deep elf knight's body.
Something hits you but does no damage.
ATTACK MOVE TO (-1,-1)
You closely miss the deep elf knight.
The deep elf knight is heavily wounded.
The deep elf knight hits you with a long sword.
The wight barely misses you. You block its attack.
ATTACK MOVE TO (-1,-1)
You closely miss the deep elf knight.
The deep elf knight is heavily wounded.
The deep elf knight gestures at you while chanting.
The stone arrow hits you!
The deep elf knight points at you and mumbles some strange words.
The stone arrow hits you!
You die...
Your body rises from the dead as a mindless zombie.

,, , ,, ** , * *
*....... * * *
..###.. , * ..#^#..
* * ..###..
###+######### * * *
......z
#............ *
+.....zo##
#............ ,
....zze{#
#............ ,*
,p#g####............
, #...##............
*
,###..'............
#+# *
####............
*..## ##+##########
* ..# , *#.# * * **
#######'## #......#
#....<...###
#......#


You could see an orc knight, a deep elf knight and 4 wights.

Table legend:
 A = Turns spent in this place as a percentage of turns spent in the entire game.
 B = Non-inter-level travel turns spent in this place as a percentage of non-inter-level travel turns spent in the entire game.
 C = Inter-level travel turns spent in this place as a percentage of turns spent in this place.
 D = Turns resting spent in this place as a percentage of non-inter-level travel turns spent in this place.
 E = Turns spent auto-exploring this place as a percentage of non-inter-level travel turns spent in this place.
 F = Non-inter-level travel turns spent in this place divided by the number of levels of this place that you've seen.
                   A       B       C       D       E      F
               +-------+-------+-------+-------+-------+----------------------
         Total | 100.0 | 100.0 |   0.6 |   0.0 |   2.1 | 1714.5
       Dungeon | 100.0 | 100.0 |   0.6 |   0.0 |   2.1 | 1714.5
               +-------+-------+-------+-------+-------+----------------------

Table legend:
 A = Kills in this place as a percentage of kills in entire the game.
 B = Kills by you in this place as a percentage of kills by you in the entire game.
 C = Kills by friends in this place as a percentage of kills by friends in the entire game.
 D = Other kills in this place as a percentage of other kills in the entire game.
 E = Experience gained in this place as a percentage of experience gained in the entire game.
 F = Experience gained in this place divided by the number of levels of this place that you have seen.
                   A       B       C       D       E      F
               +-------+-------+-------+-------+-------+----------------------
         Total | 100.0 | 100.0 | 100.0 |  -nan | 100.0 | 1086.0
       Dungeon | 100.0 | 100.0 | 100.0 |  -nan | 100.0 | 1086.0
               +-------+-------+-------+-------+-------+----------------------

Vanquished Creatures
  The ghost of gw the Carver, a journeyman HuGl of Zin (D:10)
  The ghost of jw the Covert, a novice OpBe of Trog (D:8)
  A wizard (D:10)
  Joseph (D:8)
  A two-headed ogre (D:10)
  2 trapdoor spider zombies (D:9)
  Eustachio (D:6)
  A wyvern (D:8)
  A hippogriff (D:8)
  A hungry ghost (D:10)
  An eye of draining (D:9)
  A black bear (D:6)
  5 orc warriors
  A sky beast (D:7)
  A phantom (D:7)
  A crocodile (D:8)
  4 centaurs
  An ice beast (D:10)
  3 ogres
  12 big kobolds (D:8)
  Blork the orc (D:4)
  A wyvern zombie (D:6)
  3 giant frogs
  3 scorpions
  3 wights (D:7)
  2 giant frog zombies (D:10)
  2 crimson imps
  9 killer bees (D:9)
  2 centaur zombies (D:6)
  2 giant frog skeletons
  A jelly (D:5)
  3 orc priests
  7 orc wizards (D:9)
  2 hounds (D:7)
  3 worker ants
  2 iguanas
  A hound skeleton (D:5)
  3 gnolls (D:4)
  6 adders
  2 shadow imps (D:9)
  3 oozes
  An adder skeleton (D:7)
  3 worms
  23 orcs
  2 ball pythons (D:1)
  7 bats
  4 giant cockroaches
  9 goblins
  4 hobgoblins
  7 quokkas
  5 giant geckos
  2 giant gecko skeletons
  4 giant newts
  2 gnoll zombies (D:4)
  18 jackals
  22 kobolds
  A quokka skeleton (D:9)
  7 rats
223 creatures vanquished.

Vanquished Creatures (collateral kills)
  A swamp drake (D:9)
  A big kobold (D:9)
  2 giant frogs
  2 scorpions
  2 hounds
  An iguana (D:9)
  A mummy (D:6)
  3 adders (D:9)
  5 orcs (D:9)
  2 jackals (D:9)
20 creatures vanquished.

Vanquished Creatures (others)
  A centaur skeleton (D:8)
  A black bear skeleton (D:6)
  A big kobold zombie (D:8)
  A crocodile zombie (D:8)
  5 killer bee zombies (D:9)
  A hound zombie (D:7)
  A dwarf skeleton (D:7)
  A hound skeleton (D:6)
  A scorpion zombie (D:9)
  2 adder zombies
  An orc (D:9)
  A giant cockroach zombie (D:6)
  6 jackal zombies
  An orc skeleton (D:10)
  12 orc zombies
36 creatures vanquished.

Grand Total: 279 creatures vanquished

Notes
Turn   | Place    | Note
--------------------------------------------------------------
     0 | D:1      | gw the Deep Dwarf Fighter began the quest for the Orb.
     0 | D:1      | Reached XP level 1. HP: 20/20 MP: 1/1
   363 | D:1      | Reached XP level 2. HP: 25/27 MP: 2/2
   658 | D:1      | Reached skill level 1 in Throwing
   772 | D:1      | Reached skill level 1 in Evocations
   776 | D:1      | Reached XP level 3. HP: 28/33 MP: 3/3
  1431 | D:2      | Reached XP level 4. HP: 32/40 MP: 4/4
  1520 | D:2      | Found a stormy altar of Qazlal.
  2631 | D:3      | Found an ancient bone altar of Kikubaaqudgha.
  2631 | D:3      | Found an opulent altar of Gozag.
  2710 | D:4      | Reached skill level 4 in Shields
  2721 | D:4      | Reached XP level 5. HP: 28/49 MP: 5/5
  2737 | D:4      | Noticed an ogre
  2746 | D:4      | Killed an ogre
  2783 | D:4      | Reached XP level 6. HP: 46/56 MP: 6/6
  2929 | D:4      | Found a sparkling altar of Nemelex Xobeh.
  3190 | D:4      | Noticed Blork the orc
  3209 | D:4      | Killed Blork the orc
  3609 | D:4      | Found a basalt altar of Yredelemnul.
  3618 | D:4      | Became a worshipper of Yredelemnul the Dark
  3826 | D:4      | Gained mutation: Armour fits poorly on your strangely shaped body. [potion of mutation]
  3826 | D:4      | Gained mutation: Your system is resistant to poisons. [potion of mutation]
  3843 | D:5      | Entered Level 5 of the Dungeon
  3906 | D:5      | Reached skill level 1 in Invocations
  3906 | D:5      | Reached XP level 7. HP: 43/62 MP: 6/8
  4163 | D:5      | Found a burning altar of Makhleb.
  4163 | D:5      | Noticed a blizzard demon
  4534 | D:6      | Reached skill level 5 in Shields
  4633 | D:6      | Noticed Eustachio
  4636 | D:6      | Found a stormy altar of Qazlal.
  4650 | D:6      | Killed Eustachio
  4650 | D:6      | Reached skill level 5 in Maces & Flails
  4650 | D:6      | Reached skill level 5 in Armour
  4672 | D:6      | Reached * piety under Yredelemnul
  4909 | D:6      | Reached XP level 8. HP: 58/72 MP: 9/9
  5304 | D:6      | Found a staircase to the Ecumenical Temple.
  5595 | D:7      | Found a blossoming altar of Fedhas.
  6076 | D:7      | Found a sacrificial altar of Ru.
  6442 | D:7      | Reached skill level 6 in Maces & Flails
  6508 | D:7      | Found a glowing golden altar of the Shining One.
  6974 | D:8      | Noticed jw's ghost (novice OpBe)
  7015 | D:8      | Killed jw's ghost
  7015 | D:8      | Reached skill level 5 in Fighting
  7015 | D:8      | Reached skill level 7 in Maces & Flails
  7015 | D:8      | Gained mutation: You passively map the area around you. [Deep Dwarf growth]
  7015 | D:8      | Reached XP level 9. HP: 51/81 MP: 10/10
  7078 | D:8      | Reached skill level 5 in Invocations
  7372 | D:8      | Noticed Joseph
  7394 | D:8      | Killed Joseph
  7525 | D:8      | Reached skill level 8 in Maces & Flails
  7525 | D:8      | Reached XP level 10. HP: 51/91 MP: 10/10
  7547 | D:8      | Reached ** piety under Yredelemnul
  7718 | D:8      | Found a shattered altar of Ashenzari.
  8079 | D:9      | Reached skill level 5 in Throwing
  8485 | D:9      | Found a glowing silver altar of Zin.
  8560 | D:9      | Reached *** piety under Yredelemnul
  8705 | D:9      | Found a staircase to the Orcish Mines.
  8917 | D:10     | Entered Level 10 of the Dungeon
  8927 | D:10     | Reached skill level 9 in Maces & Flails
  9081 | D:10     | Noticed gw's ghost (journeyman HuGl)
  9164 | D:10     | Killed gw's ghost
  9288 | D:10     | Noticed a wizard
  9288 | D:10     | Noticed a wizard
  9289 | D:10     | Noticed a wizard
  9289 | D:10     | Noticed a deep elf knight
  9290 | D:10     | Noticed an orc knight
  9320 | D:10     | Killed a wizard
  9406 | D:10     | Killed from afar by a deep elf knight

Action                   |  1- 3 |  4- 6 |  7- 9 | 10-12 || total
-------------------------+-------+-------+-------+-------++-------
Melee: Flail             |    91 |   195 |   459 |   477 ||  1222
Throw: Stone             |   106 |   103 |    57 |     2 ||   268
       Tomahawk          |       |       |    29 |    40 ||    69
Invok: Animate Remains   |       |       |    19 |    32 ||    51
       Animate Dead      |       |       |       |     4 ||     4
 Abil: Device Recharging |       |       |     4 |    11 ||    15
Evoke: Wand              |       |     5 |    17 |    46 ||    68
  Use: Scroll            |     4 |     4 |     3 |     3 ||    14
       Potion            |     3 |     3 |     1 |     2 ||     9
 Stab: Distracted        |       |       |     1 |     1 ||     2
       Invisible         |       |       |       |     4 ||     4
       Confused          |       |       |       |     2 ||     2
  Eat: Chunk             |     2 |     8 |    13 |     6 ||    29
       Beef jerky        |       |       |       |     2 ||     2
       Bread ration      |       |       |       |     1 ||     1

Vault maps used:
D:1:      lightli_iron_boxes
D:2:      nicolae_overflow_crystal_walls, first_bread
D:3:      gammafunk_temple_overflow_wave
D:4:      lemuel_zombie_altar_yredelemnul, supply_closet_lemuel,
          nemelex_dance_club_becter, uniq_blork_the_orc
D:5:      minmay_misc_feat_cross, makhleb_altar_promises_db
D:6:      temple_pool_b, gup_ossuary_entry_pyramid,
          nicolae_qazlal_general_emergency, uniq_eustachio
D:7:      lemuel_doored_altar, marbit_many_paths, grunt_ogre_cave, st_stairs_8,
          fedhas_altar_2
D:8:      kennysheep_mini, special_room, solitary_fountain, uniq_joseph
D:9:      erik_orc_1, basic_altar
D:10:     serial_shops, shop, sword_in_stone
